Map: World of Sleepers LE

Players

Scarlett - Winner!

  • Race: Zerg Zerg
  • Spawn Location: 1:00

Elazer

  • Race: Zerg Zerg
  • Spawn Location: 7:00

VOD

Have the link to the VOD?

Description

Time

  • Played on: Sept. 6, 2019, 7:18 p.m.
  • Length: 7:33
Show
View Real Time Build Order
Export as new Build Order

Scarlett Zerg - Winner!

Build Orders: Hatch First, Roach Nydus 

Get SALT Encoding   

  12  0:00  Drone  
  13  0:12  Overlord  
  13  0:16  Drone  
  14  0:30  Drone x2  
  16  0:46  Hatchery  
  15  0:51  Drone  
  15  0:54  Drone  
  17  0:58  Drone  
  18  1:08  Extractor  
  17  1:12  Spawning Pool  
  17  1:15  Drone  
  18  1:18  Drone  
  18  1:27  Drone  
  19  1:39  Drone  
  20  1:50  Drone  
  21  1:59  Drone, Queen x2  
  21  2:00  Overlord  
  26  2:07  Metabolic Boost  
  26  2:09  Drone  
  26  2:11  Drone  
  28  2:22  Drone x2  
  30  2:31  Hatchery  
  30  2:34  Zergling x2  
  30  2:36  Drone  
  31  2:43  Queen  
  33  2:47  Overlord  
  33  2:50  Drone  
  34  2:53  Zergling x2  
  34  2:55  Drone  
  36  3:08  Zergling x12  
  36  3:09  Drone  
  43  3:19  Roach Warren  
  42  3:21  Overlord  
  42  3:24  Drone x2  
  44  3:36  Overlord  
  44  3:39  Overlord  
  44  3:40  Drone x4  
  48  3:45  Drone x2  
  50  3:51  Evolution Chamber  
  50  3:54  Drone x3  
  52  3:57  Extractor  
  52  4:00  Roach  
  52  4:01  Roach  
  54  4:07  Roach x2  
  58  4:16  Lair, Roach  
  58  4:17  Roach  
  62  4:21  Drone x4  
  64  4:36  Drone x9  
  71  4:40  Extractor  
  71  4:41  Zerg Missile Weapons Level 1  
  71  4:45  Drone x3  
  73  4:48  Unknown  
  72  4:53  Drone x2  
  72  4:54  Overlord  
  72  4:55  Overlord  
  72  4:57  Overlord  
  74  5:00  Overlord  
  74  5:02  Overlord  
  74  5:06  Overlord  
  74  5:15  Drone x5  
  74  5:17  Roach  
  74  5:18  Glial Reconstitution, Roach  
  83  5:25  Nydus Network  
  82  5:29  Overseer  
  82  5:34  Roach  
  82  5:35  Roach x4  
  89  5:44  Roach x5  
  89  5:48  Roach x2  
  103  6:02  Nydus Canal  
  112  6:04  Roach x8  
  116  6:15  Roach x3  
  116  6:17  Nydus Canal  
  120  6:21  Overlord x3  
  116  6:32  Overlord  
  116  6:34  Roach x2  
  120  6:40  Nydus Canal  
  120  6:42  Roach x7  
  130  6:48  Roach x2  
  124  6:54  Roach x2  
  124  6:57  Roach  
  124  7:01  Roach  
  124  7:07  Roach x3  
  126  7:11  Roach x2  
  126  7:13  Roach  
Show
View Real Time Build Order
Export as new Build Order

Elazer Zerg 

Build Orders: Hatch First 

Get SALT Encoding   

  12  0:00  Drone  
  13  0:13  Overlord  
  13  0:17  Drone  
  14  0:32  Drone x2  
  16  0:48  Hatchery  
  15  0:51  Drone  
  15  0:54  Drone  
  17  0:58  Drone  
  18  1:08  Extractor  
  17  1:13  Spawning Pool  
  17  1:16  Drone  
  17  1:20  Drone  
  18  1:28  Drone  
  19  1:40  Drone  
  20  1:50  Drone  
  21  1:59  Queen  
  23  2:01  Queen  
  23  2:02  Drone  
  23  2:03  Overlord  
  26  2:09  Metabolic Boost  
  26  2:12  Zergling x2  
  26  2:13  Drone  
  28  2:22  Drone x2  
  30  2:32  Drone  
  30  2:35  Hatchery  
  30  2:37  Drone  
  30  2:43  Drone  
  30  2:44  Drone  
  33  2:49  Baneling Nest  
  32  2:54  Overlord  
  32  2:56  Drone  
  33  3:05  Drone  
  34  3:06  Overlord, Drone  
  34  3:12  Zergling x2  
  36  3:13  Zergling x2  
  36  3:14  Drone x2  
  36  3:17  Queen  
  36  3:19  Zergling x2  
  42  3:22  Zergling x2  
  43  3:31  Zergling x4  
  43  3:33  Baneling  
  45  3:36  Baneling x2  
  45  3:38  Zergling x2  
  45  3:39  Queen  
  48  3:41  Zergling x6  
  51  3:49  Overlord  
  51  3:51  Drone x4  
  51  3:54  Drone  
  56  3:59  Drone  
  56  4:02  Drone  
  58  4:03  Evolution Chamber  
  58  4:05  Drone  
  58  4:10  Drone x2  
  58  4:14  Drone, Roach Warren  
  60  4:19  Drone x2  
  60  4:22  Unknown  
  60  4:23  Extractor  
  63  4:24  Drone x3  
  63  4:26  Overlord  
  63  4:36  Overlord  
  62  4:39  Overlord  
  62  4:44  Zerg Missile Weapons Level 1  
  62  4:45  Overlord  
  62  4:54  Roach x7  
  62  4:59  Drone x4  
  80  5:03  Lair  
  80  5:08  Drone x3  
  80  5:10  Drone  
  84  5:14  Overlord  
  84  5:16  Drone, Extractor  
  84  5:22  Overlord  
  84  5:25  Overlord  
  84  5:28  Drone x2, Roach x2  
  88  5:30  Drone  
  88  5:33  Drone x3  
  94  5:36  Roach  
  94  5:37  Roach  
  97  5:45  Roach x4  
  97  5:48  Overlord  
  105  5:53  Drone x2  
  105  5:54  Drone x3, Extractor  
  105  5:55  Drone  
  110  5:57  Ravager  
  110  5:58  Overlord  
  110  6:01  Roach  
  110  6:03  Overlord  
  112  6:04  Roach  
  113  6:14  Roach x3  
  113  6:17  Roach  
  113  6:18  Roach x2  
  124  6:20  Roach  
  124  6:21  Roach  
  124  6:24  Roach x2  
  132  6:28  Roach x2  
  135  6:34  Roach x4  
  138  6:41  Roach  
  132  6:49  Roach x5  
  132  6:57  Roach x4  
  132  7:01  Roach x2  
  132  7:06  Roach  
  128  7:13  Roach x3  
Tags
 
Add a new tag
Caveats
  • Supply blocks, unpowered buildings, or Contaminate may cause inaccurate times.
  • Supply counts are checked every 10 seconds.